 Dungeon Crawl Stone Soup version 0.22.1-2-g9c5b331 (webtiles) character file.

2594 Lilu the Destroyer (level 9, -2/52 HPs)
             Began as a Deep Elf Conjurer on Nov 28, 2018.
             Was a Believer of Vehumet.
             Slain by a killer bee (3 damage)
             ... on level 8 of the Dungeon.
             The game lasted 00:28:57 (9219 turns).

Lilu the Destroyer (Deep Elf Conjurer)              Turns: 9219, Time: 00:28:58

Health: -2/52      AC:  6    Str:  7    XL:     9   Next: 33%
Magic:  22/24      EV: 15    Int: 24    God:    Vehumet [**....]
Gold:   363        SH:  0    Dex: 17    Spells: 10/26 levels left

rFire    . . .     SeeInvis .   q - +2 hand axe of the Distant Future {flame, Str+2 Dex+2}
rCold    + . .     Gourm    .   (no shield)
rNeg     . . .     Faith    .   w - +0 leather armour
rPois    .         Spirit   .   p - +0 helmet
rElec    .         Reflect  .   a - +0 cloak
rCorr    +         Harm     .   (no gloves)
MR       .....                  u - +0 pair of boots
Stlth    ++........             A - amulet of regeneration
HPRegen  0.57/turn              t - ring of protection from cold
MPRegen  0.19/turn              r - ring of resist corrosion

@: slowed, very slow
A: no striking features
a: Renounce Religion


You were on level 8 of the Dungeon.
You worshipped Vehumet.
Vehumet was pleased with you.
You were not hungry.

You visited 1 branch of the dungeon, and saw 8 of its levels.

You collected 363 gold pieces.

Inventory:

Hand Weapons
 j - the +4 quarterstaff of Lotaal {crush, rN+}
   (You found it on level 5 of the Dungeon)

   It inflicts extra damage upon your enemies.
   It protects you from negative energy.
 q - the +2 hand axe of the Distant Future (weapon) {flame, Str+2 Dex+2}
   (You found it on level 4 of the Dungeon)

   It has been specially enchanted to burn those struck by it, causing extra
   injury to most foes and up to half again as much damage against particularly
   susceptible opponents.
   Big, fiery blades are also staple armaments of hydra-hunters.
   It affects your strength (+2).
   It affects your dexterity (+2).
 J - a +0 shortbow
Missiles
 H - 9 tomahawks (quivered)
 L - 16 arrows
Armour
 a - a +0 cloak (worn)
 p - a +0 helmet (worn)
 u - a +0 pair of boots (worn)
 w - a +0 leather armour (worn)
 C - a cursed +0 scale mail
Jewellery
 i - an uncursed amulet of the gourmand
 r - a ring of resist corrosion (right hand)
 t - a ring of protection from cold (left hand)
 A - an amulet of regeneration (around neck)
Wands
 e - a wand of clouds (5)
 s - a wand of random effects (16)
 F - a wand of iceblast (6)
 K - a wand of polymorph (11)
Scrolls
 d - 4 scrolls of teleportation
 g - 2 scrolls of blinking {unknown}
 h - a scroll of noise {unknown}
 k - 2 scrolls of fear {unknown}
 m - 3 scrolls of fog
 D - a scroll of enchant weapon {unknown}
 G - 3 scrolls of identify
 I - a scroll of random uselessness {unknown}
Potions
 b - 3 potions of curing
 f - a potion of agility {unknown}
 l - a potion of brilliance {unknown}
 n - a potion of haste {unknown}
 v - 2 potions of heal wounds
 x - a potion of lignification {unknown}
 z - a potion of degeneration {unknown}
 E - a potion of invisibility {unknown}
Comestibles
 c - 15 rations
 o - 2 chunks of flesh


   Skills:
 + Level 4.0 Fighting
 + Level 6.5 Dodging
 - Level 2.4 Stealth
 + Level 9.0 Spellcasting
 * Level 10.1 Conjurations


You had 10 spell levels left.
You knew the following spells:

 Your Spells              Type           Power        Failure   Level  Hunger
a - Magic Dart            Conj           ####         1%          1    None
b - Searing Ray           Conj           ######       1%          2    None
c - Apportation           Tloc           ##....       9%          1    None
d - Iskenderun's Mystic   Conj           ######..     1%          4    ##.....
e - Fulminant Prism       Conj/Hex       #####.....   11%         4    ##.....
f - Force Lance           Conj/Tloc      #####...     11%         4    ##.....

Your spell library contained the following spells:

 Spells                   Type           Power        Failure   Level  Hunger
 Sting                    Conj/Pois      ####         1%          1    None
 Dazzling Spray           Conj/Hex       #####.       3%          3    None
 Animate Skeleton         Necr           N/A          9%          1    None
 Confusing Touch          Hex            ##....       9%          1    None
 Corona                   Hex            ##.....      9%          1    None
 Summon Small Mammal      Summ           ##..         9%          1    None
 Ensorcelled Hibernation  Hex/Ice        ##....       13%         2    None
 Confuse                  Hex            ##......     26%         3    None
 Tukima's Dance           Hex            ##......     26%         3    None


Dungeon Overview and Level Annotations

Branches:
Dungeon (8/15)             Temple (0/1) D:4
   Lair: D:8-11

Altars:
Ashenzari
Dithmenos
Elyvilon
Fedhas
Makhleb
Nemelex Xobeh
Qazlal
Ru
Sif Muna
Trog
Vehumet
Xom
Yredelemnul


Message History

You barely miss the killer bee.
You feel yourself speed up.
You feel sick. The killer bee stings you. The killer bee closely misses you.
The killer bee stings you.
You are more poisoned.
The killer bee poisons you! The hornet stings you.
You feel yourself slow down. The killer bee closely misses you.
The killer bee misses you. The hornet misses you. The killer bee stings you.
The killer bee misses you. The hornet stings you.
You feel as though you will be slow longer.
The killer bee closely misses you.
You feel better. The killer bee closely misses you. The killer bee stings you!
The killer bee completely misses you. The hornet stings you!
* * * LOW HITPOINT WARNING * * *
You feel as though you will be slow longer.
The killer bee completely misses you. The hornet closely misses you.
The killer bee stings you!
* * * LOW HITPOINT WARNING * * *
The killer bee stings you.
You die...

#<.#....#....# #.###.#..
#..#.##.#.##.#####.....#.#
..............((.......#.#
##.#.##....#..##.......#.#
...#.#####.##y##y#.....#a#
.###....##...(##.#.###...#
.#....#)##..#..yy#†# ##..#
.#.##.#?###.#.#yy#h# #..#
##. ..#)#####.#y@#.####..#
## ####(##....#<.#g..Sggg#
#######'##.####)########..#
........$..# #...# #.#
...........# ###.# ..#
..........## ... #.#
..........# ###.. ..
..........# .# ...
..........######### #


You could see a hornet and 6 killer bees.

Vanquished Creatures
  An orc warrior (D:7)
  A sky beast (D:7)
  6 ogres
  2 centaurs
  A big kobold (D:4)
  A gnoll sergeant (D:8)
  2 bullfrogs
  A water moccasin skeleton (D:8)
  A scorpion (D:5)
  3 howler monkeys
  2 crimson imps
  4 hounds
  4 jellies
  A bullfrog skeleton (D:5)
  5 orc priests
  A centaur skeleton (D:7)
  6 orc wizards
  3 iguanas
  5 worker ants
  A hound zombie (D:6)
  6 gnolls
  13 adders
  A shadow imp (D:8)
  3 oozes
  An adder skeleton (D:8)
  An adder zombie (D:5)
  9 worms
  A dart slug (D:4)
  8 leopard geckos
  23 orcs
  8 giant cockroaches
  4 goblins
  5 hobgoblins
  19 jackals
  3 kobolds
  3 quokkas
  A ball python (D:1)
  8 bats
  5 frilled lizards
  A quokka skeleton (D:8)
  3 rats
  A spectral orc (D:2)
178 creatures vanquished.

Vanquished Creatures (others)
  6 fulminant prisms
  2 plants (D:5)
8 creatures vanquished.

Grand Total: 186 creatures vanquished

Notes
Turn   | Place    | Note
-------+----------+-------------------------------------------
     0 | D:1      | Lilu the Deep Elf Conjurer began the quest for the Orb.
     0 | D:1      | Reached XP level 1. HP: 10/10 MP: 6/6
   128 | D:1      | Reached XP level 2. HP: 15/15 MP: 4/8
   132 | D:1      | Learned a level 2 spell: Searing Ray
   803 | D:2      | Reached skill level 5 in Conjurations
   803 | D:2      | Reached XP level 3. HP: 19/19 MP: 8/10
  1090 | D:2      | Found a basalt altar of Yredelemnul.
  1298 | D:2      | Learned a level 1 spell: Apportation
  1470 | D:2      | Reached XP level 4. HP: 24/24 MP: 7/12
  1481 | D:2      | Learned a level 4 spell: Iskenderun's Mystic Blast
  1618 | D:2      | Found a shimmering altar of Xom.
  1923 | D:3      | Reached skill level 5 in Spellcasting
  2364 | D:3      | Found a shattered altar of Ashenzari.
  2420 | D:3      | Reached XP level 5. HP: 20/28 MP: 6/14
  3058 | D:3      | Found a bloodstained altar of Trog.
  3184 | D:3      | Reached skill level 6 in Conjurations
  3464 | D:4      | Learned a level 4 spell: Fulminant Prism
  3926 | D:4      | Noticed an ogre
  3978 | D:4      | Found a shadowy altar of Dithmenos.
  4046 | D:4      | Found a burning altar of Makhleb.
  4046 | D:4      | Found a white marble altar of Elyvilon.
  4051 | D:4      | Found a radiant altar of Vehumet.
  4053 | D:4      | Found a deep blue altar of Sif Muna.
  4054 | D:4      | Found a blossoming altar of Fedhas.
  4060 | D:4      | Became a worshipper of Vehumet
  4139 | D:4      | Reached XP level 6. HP: 33/33 MP: 15/17
  4143 | D:4      | Found a staircase to the Ecumenical Temple.
  4277 | D:4      | Reached skill level 1 in Fighting
  4312 | D:4      | Got an iridescent hand axe
  4330 | D:4      | Identified the cursed +2 hand axe of the Distant Future
                  | {flame, Str+2 Dex+2} (You found it on level 4 of the
                  | Dungeon)
  4433 | D:5      | Entered Level 5 of the Dungeon
  4479 | D:5      | Learned a level 4 spell: Force Lance
  4501 | D:5      | Reached skill level 7 in Conjurations
  4504 | D:5      | Reached XP level 7. HP: 38/38 MP: 5/18
  4820 | D:5      | Got a transparent quarterstaff
  4983 | D:5      | Found a stormy altar of Qazlal.
  5052 | D:5      | Found a sacrificial altar of Ru.
  5498 | D:5      | Identified the +4 quarterstaff of Lotaal {crush, rN+} (You
                  | found it on level 5 of the Dungeon)
  5671 | D:5      | Reached * piety under Vehumet
  5671 | D:5      | Offered knowledge of Shock by Vehumet.
  5999 | D:6      | Reached skill level 8 in Conjurations
  6033 | D:5      | Reached XP level 8. HP: 34/45 MP: 3/21
  6590 | D:6      | Found a sparkling altar of Nemelex Xobeh.
  6643 | D:6      | Reached skill level 5 in Dodging
  6963 | D:6      | Reached skill level 9 in Conjurations
  7691 | D:7      | Offered knowledge of Sting by Vehumet.
  8061 | D:7      | Reached ** piety under Vehumet
  8067 | D:7      | Reached XP level 9. HP: 51/51 MP: 14/23
  8794 | D:7      | You fall through a shaft!
  8889 | D:8      | Reached skill level 10 in Conjurations
  9215 | D:8      | Paralysed by a hornet for 2 turns
  9219 | D:8      | HP: 1/52 [killer bee (8)]
  9219 | D:8      | Slain by a killer bee

Skill      XL: |  1  2  3  4  5  6  7  8  9 |
---------------+----------------------------+-----
Spellcasting   | 4 5 6 7 8 9 |  9.0
Conjurations   | 5 6 7 8 9 10 | 10.1
Fighting       | 1 2 3 4 |  4.0
Dodging        | 3 4 5 6 |  6.5
Stealth        | |  2.4

Action                   |  1- 3 |  4- 6 |  7- 9 || total
-------------------------+-------+-------+-------++-------
Melee: Club              |     3 |     1 |       ||     4
       Dagger            |       |    50 |       ||    50
       Hand axe          |       |       |    58 ||    58
       Quarterstaff      |       |       |     6 ||     6
 Fire: Hunting sling     |       |     4 |       ||     4
 Cast: Magic Dart        |    46 |    44 |    38 ||   128
       Searing Ray       |     6 |    28 |    50 ||    84
       Fulminant Prism   |       |       |     6 ||     6
       Iskenderun's Myst |       |       |     1 ||     1
  Use: Scroll            |       |     8 |     2 ||    10
       Potion            |       |       |     2 ||     2
 Stab: Sleeping          |       |     1 |       ||     1
  Eat: Chunk             |    11 |     6 |    10 ||    27
Armor: Robe              |     2 |       |       ||     2
       Leather armour    |       |    37 |    60 ||    97
Dodge: Dodged            |    10 |    87 |   130 ||   227
